 Dungeon Crawl Stone Soup version 0.30-a0-159-g068b764562 (webtiles) character file.

Game seed: 651220510323075882

522 pokeman the Magician (level 7, -1/39 HPs)
             Began as a Deep Elf Hedge Wizard on Sept 27, 2022.
             Succumbed to a water moccasin's poison
             ... on level 5 of the Dungeon.
             The game lasted 00:10:34 (5705 turns).

pokeman the Magician (Deep Elf Hedge Wizard)        Turns: 5705, Time: 00:10:34

Health: -1/39      AC:  4    Str:  7    XL:     7   Next: 2%
Magic:  17/20      EV: 12    Int: 21    God:
Gold:   37         SH:  0    Dex: 14    Spells: 11/21 levels left

rFire   . . .      SeeInvis .    p - +0 sling
rCold   . . .      Faith    .    (no shield)
rNeg    . . .      Spirit   .    h - +0 leather armour
rPois   .          Reflect  .    c - +0 hat
rElec   .          Harm     .    n - +0 cloak
rCorr   +          Rampage  .    (no gloves)
Will    .....                    (no boots)
Stlth   ++........               u - amulet of magic regeneration
HPRegen 0.13/turn                q - ring of resist corrosion
MPRegen 0.57/turn                (no ring)

@: lethally poisoned (-1 -> -21)
A: no striking features
a: no special abilities


You were on level 5 of the Dungeon.
You visited 1 branch of the dungeon, and saw 5 of its levels.

You collected 233 gold pieces.
You spent 196 gold pieces at shops.

Inventory:

Hand Weapons
 p - a +0 sling (weapon)
Missiles
 t - a throwing net
Armour
 a - a +2 ring mail of cold resistance
 c - a +0 hat (worn)
 h - a +0 leather armour (worn)
 n - a +0 cloak (worn)
Jewellery
 q - a ring of resist corrosion (left hand)
 u - an amulet of magic regeneration (around neck)
Scrolls
 b - 2 scrolls of noise {unknown}
 g - 5 scrolls of identify {unknown}
 i - 5 scrolls of teleportation {unknown}
 k - 2 scrolls of immolation {unknown}
 r - a scroll of magic mapping {unknown}
Potions
 d - a potion of magic
 e - a potion of invisibility {unknown}
 f - a potion of berserk rage {unknown}
 j - 5 potions of heal wounds
 l - a potion of haste {unknown}
 m - a potion of curing
 o - a potion of lignification {unknown}
 s - a potion of flight {unknown}
 v - 2 potions of mutation {unknown}


   Skills:
 + Level 1.8 Fighting
 - Level 1.0 Armour
 - Level 3.0 Dodging
 - Level 3.1 Stealth
 * Level 7.5 Spellcasting
 + Level 3.6 Conjurations
 - Level 1.1 Summonings
 + Level 2.1 Necromancy
 - Level 1.1 Translocations
 - Level 1.0 Air Magic
 - Level 1.1 Poison Magic


You had 11 spell levels left.
You knew the following spells:

 Your Spells              Type           Power      Damage    Failure   Level
a - Magic Dart            Conj           92%        1d7       2%          1
b - Mephitic Cloud        Conj/Pois/Air  16%        N/A       17%         3
c - Call Imp              Summ           12%        N/A       12%         2
d - Blink                 Tloc           24%        N/A       12%         2
e - Cigotuvi's Dreadful   Necr/Pois/Air  26%        N/A       11%         2

Your spell library contained the following spells:

 Spells                   Type           Power      Damage    Failure   Level
 Summon Small Mammal      Summ           48%        N/A       8%          1
 Slow                     Hex            28%        N/A       12%         1
 Vampiric Draining        Necr           17%        2d7       16%         3
 Call Canine Familiar     Summ           12%        N/A       24%         3
 Summon Guardian Golem    Hex/Summ       10%        N/A       28%         3
 Confusing Touch          Hex            7%         N/A       36%         3


Dungeon Overview and Level Annotations

Branches:
Dungeon (5/15)
 Temple: D:4-7

Altars:

Shops:
D:2 !


Message History

You are poisoned.
The water moccasin poisons you!
You feel very sick.
You feel sick. The water moccasin bites you.
Casting: Magic Dart (safe; 2% risk of failure)
Confirm with . or Enter, or press ? or * to list all spells.
A beastly little devil appears in a puff of frigid air.
You feel sick. The water moccasin bites you.
You are lethally poisoned!
The water moccasin poisons you!
The water moccasin bites your white imp.
Casting: Call Imp (safe; 12% risk of failure)
Confirm with . or Enter, or press ? or * to list all spells.
Aiming: Magic Dart (safe; 2% risk of failure)
Press: ? - help, Shift-Dir - straight line, f/p - water moccasin
Aim: a water moccasin (lightly wounded, 100% to hit)
The magic dart hits the water moccasin.
The water moccasin is lightly wounded.
You feel very sick. The water moccasin barely misses you.
The water moccasin bites your white imp.
The water moccasin closely misses you.
The water moccasin bites your white imp!
Your white imp dies!
Your white imp disappears in a puff of smoke!
Casting: Magic Dart (safe; 2% risk of failure)
Confirm with . or Enter, or press ? or * to list all spells.
A beastly little devil appears in a puff of flame.
* * * LOW HITPOINT WARNING * * *
You feel very sick. The water moccasin bites you.
* * * LOW HITPOINT WARNING * * *
You are more poisoned.
The water moccasin poisons you!
The water moccasin attacks as you move away!
The water moccasin bites you but does no damage.
* * * LOW HITPOINT WARNING * * *
You feel very sick.
You swap places.
You die...

.........###.#....#######.
.......................^..
..........##.##...#...#.#.
..........##.#..........#<
......S...##.###.#..#####.
..#####'#S##.. .........[
# #.#S#### ######### ..#5#
# .###@# # .. #.# # .. #.#
# ##. #.# # #⌠# #.# # ..#
# ..# ..#


You could see 2 water moccasins and a friendly crimson imp (summoned).

Vanquished Creatures
  A necrophage (D:4)
  2 hounds (D:4)
  An orc priest (D:4)
  Natasha (twice) (D:4)
  2 orc wizards
  3 gnolls (D:4)
  3 adders
  A white imp (D:4)
  3 worms
  3 dart slugs
  14 orcs
  6 endoplasms
  3 giant cockroaches
  6 goblins
  9 hobgoblins
  5 jackals (D:3)
  6 quokkas
  7 ball pythons
  6 bats
  2 frilled lizards
  4 kobolds
  5 rats
94 creatures vanquished.

Vanquished Creatures (collateral kills)
  2 orc priests (D:3)
  Natasha (D:4)
  2 orcs
  A jackal (D:3)
6 creatures vanquished.

Grand Total: 100 creatures vanquished

Notes
Turn   | Place    | Note
-------+----------+-------------------------------------------
     0 | D:1      | pokeman the Deep Elf Hedge Wizard began the quest for the
                  | Orb.
     0 | D:1      | Reached XP level 1. HP: 10/10 MP: 7/7
   304 | D:1      | Reached XP level 2. HP: 16/16 MP: 2/9
   502 | D:1      | Found a faded altar of an unknown god.
   905 | D:1      | Reached skill level 5 in Spellcasting
  1392 | D:2      | Reached XP level 3. HP: 20/20 MP: 9/11
  1396 | D:2      | Learned a level 3 spell: Mephitic Cloud
  1399 | D:2      | Learned a level 2 spell: Call Imp
  1402 | D:2      | Learned a level 2 spell: Blink
  1405 | D:2      | Learned a level 2 spell: Cigotuvi's Dreadful Rot
  1655 | D:2      | Reached skill level 1 in Fighting
  1804 | D:2      | Reached skill level 1 in Armour
  2126 | D:2      | Found Laenecli's Distillery.
  2131 | D:2      | Bought a potion of curing for 42 gold pieces
  2131 | D:2      | Bought a potion of degeneration for 14 gold pieces
  2742 | D:3      | Reached XP level 4. HP: 25/25 MP: 5/13
  3282 | D:3      | Reached XP level 5. HP: 29/29 MP: 11/15
  3332 | D:3      | Reached skill level 6 in Spellcasting
  3823 | D:3      | Reached skill level 1 in Necromancy
  4360 | D:4      | Reached skill level 1 in Air Magic
  4433 | D:4      | Noticed Natasha
  4452 | D:4      | Killed Natasha
  4606 | D:4      | Reached skill level 1 in Poison Magic
  4606 | D:4      | Reached XP level 6. HP: 31/34 MP: 7/17
  4741 | D:4      | Noticed Natasha
  4750 | D:4      | Killed Natasha
  5041 | D:4      | Reached skill level 7 in Spellcasting
  5327 | D:4      | Noticed Natasha
  5337 | D:4      | Killed Natasha
  5338 | D:4      | Reached XP level 7. HP: 21/39 MP: 8/20
  5568 | D:2      | Bought a potion of heal wounds for 70 gold pieces
  5568 | D:2      | Bought a potion of heal wounds for 70 gold pieces
  5611 | D:5      | Entered Level 5 of the Dungeon
  5705 | D:5      | Succumbed to a water moccasin's poison

Illustrated notes

Levels and vault maps discovered:
D:1:      minmay_arrival_plants_in_alcoves, layout_loops_ring,
          shapermc_ecumenical_altar_ellora
D:2:      layout_loops_ring, serial_shops, shop_fountains, serial_glass,
          glass_columns_b, glass_columns_c, hangedman_decor_growths,
          grunt_decor_cap, minmay_tetromino_i2
D:3:      layout_loops_ring, hex_tiny, minmay_misc_feat_tiny,
          kennysheep_generic_room_16
D:4:      layout_basic, grunt_tough_drop, uniq_natasha
D:5:      kennysheep_slugbush, layout_basic, hellmonk_ghost_happy_afterlife,
          kennysheep_big_empty_room, grunt_decor_resistance

Skill      XL: |  1  2  3  4  5  6 |
---------------+-------------------+-----
Spellcasting   | 5 6 7 |  7.5
Fighting       | 1 |  1.8
Armour         | 1 |  1.0
Conjurations   | 2 3 |  3.6
Dodging        | 3 |  3.0
Stealth        | 3 |  3.1
Necromancy     | 1 2 |  2.1
Air Magic      | 1 |  1.0
Poison Magic   | 1 |  1.1
Summonings     | |  1.1
Translocations | |  1.1

Action                   |  1- 3 |  4- 6 |  7- 9 || total
-------------------------+-------+-------+-------++-------
Melee: Dagger            |     3 |       |       ||     3
 Fire: Sling             |       |    43 |       ||    43
 Cast: Magic Dart        |   128 |   159 |     6 ||   293
       Call Imp          |       |     7 |     2 ||     9
       Mephitic Cloud    |       |     5 |       ||     5
Armor: Leather armour    |     4 |    13 |     1 ||    18
       Robe              |     1 |       |       ||     1
Dodge: Dodged            |    11 |    30 |     2 ||    43

Table legend: (Time is in decaauts)
 A = Elapsed time spent in this place.
 B = Non-inter-level travel time spent in this place.
 C = Inter-level travel time spent in this place.
 D = Time resting spent in this place.
 E = Time spent auto-exploring this place.
 F = Levels seen in this place.
 G = Mean time per level.
                   A        B        C        D        E       F      G
               +--------+--------+--------+--------+--------+-----+--------+
         Total |   5723 |   5506 |    217 |    173 |   4636 |   5 | 1144.6 |
       Dungeon |   5723 |   5506 |    217 |    173 |   4636 |   5 | 1144.6 |
               +--------+--------+--------+--------+--------+-----+--------+

Top non-repeatable levels by time:
     D:3: 1754 daAuts
     D:4: 1456 daAuts
     D:1: 1322 daAuts
     D:2: 1097 daAuts
     D:5: 93 daAuts
